 Dungeon Crawl Stone Soup version 0.27.0-1-g7a089689b8 (webtiles) character file.

Game seed: 1501032076880858907

37 sasquatch the Sneak (level 3, -2/17 HPs)
             Began as a Felid Delver on Aug 7, 2021.
             Slain by a yak (6 damage)
             ... on level 4 of the Dungeon.
             The game lasted 00:00:47 (54 turns).

sasquatch the Sneak (Felid Delver)                    Turns: 54, Time: 00:00:48

Health: -2/17      AC:  1    Str:  8    XL:     3   Next: 23%
Magic:  4/4        EV: 17    Int: 11    God:
Gold:   0          SH:  0    Dex: 18    Spells: 2/2 levels left
                                        Lives:  0   Deaths: 0

rFire    . . .     SeeInvis +     - Unarmed
rCold    . . .     Faith    .   (shield unavailable)
rNeg     . . .     Spirit   .   (armour unavailable)
rPois    .         Reflect  .   (helmet unavailable)
rElec    .         Harm     .   (cloak unavailable)
rCorr    .         Rampage  .   (gloves unavailable)
Will     .....                  (boots unavailable)
Stlth    ++++......             (no amulet)
HPRegen  0.05/turn              (no ring)
MPRegen  0.09/turn              (no ring)

@: quick
A: very small, claws 1, fangs 3, see invisible, speed 1, shaggy fur 1, stealthy
paws, no weapons or thrown items, no armour, multi-lived
a: no special abilities


You were on level 4 of the Dungeon.
You visited 1 branch of the dungeon, and saw 2 of its levels.

Inventory:

Wands
 e - a wand of digging (3)
Scrolls
 a - 2 scrolls of fog
 b - a scroll of magic mapping
 c - a scroll of fear
Potions
 d - a potion of haste


   Skills:
 - Level 3.0 Fighting
 - Level 2.6 Dodging
 + Level 7.4 Stealth
 + Level 3.0 Unarmed Combat


You had 2 spell levels left.
You didn't know any spells.
Your spell library was empty.

Dungeon Overview and Level Annotations

Branches:
Dungeon (5/15)
 Temple: D:4-7

Altars:


Innate Abilities, Weirdness & Mutations

You have sharp claws.
You have razor-sharp teeth.
You have supernaturally acute eyesight. (SInv)
You cover ground quickly. (Speed+)
You are covered in fur. (AC +1)
Your paws help you pounce on unaware monsters.
You are incapable of wielding weapons or throwing items.
You cannot wear armour.
You gain extra lives every three experience levels.


Message History

You feel agile.
You see here 2 silver javelins.
A ball python and an orc come into view.
A goblin comes into view. It is wielding a +0 dagger.
You see here an adder corpse.
A yak comes into view.
A yak comes into view.
Found 15 arrows.
Found a stone staircase leading up.
There is an escape hatch in the floor here.
A yak comes into view.
The yak bellows!
The ball python misses you. The ball python completely misses you.
Found 14 stones.
The ball python barely misses you. x2
There is an escape hatch in the floor here.
You barely miss the ball python. The ball python bites you.
The ball python grabs you. The ball python constricts you.
The yak bellows!
You scratch the ball python.
You kill the ball python!
You scratch the yak.
The yak is lightly wounded.
The goblin shouts!
The yak barely misses you.
You see here an adder corpse.
You see here a metallic red potion.
The helpless orc fails to defend itself.
You mangle the orc!!
You kill the orc!
Your Unarmed Combat skill increases to level 3!
You see here a +0 hand axe.
The yak barely misses you. The yak gores you.
The goblin hits you with a +0 dagger. The yak barely misses you.
The yak gores you!
* * * LOW HITPOINT WARNING * * *
The yak barely misses you. The yak gores you.
You die...

##########
###..##)#..#
#.....#...Y#
#.....#gYY.#
#.....#!.@.#
#.>.##.#######
##...##.####..#
#...............
#..†............
#....(.........
#......†.......
##...##.##..### .
######.##..####..


You could see 3 yaks and a goblin.

Vanquished Creatures
  An iguana (D:4)
  An adder (D:4)
  An orc (D:4)
  A ball python (D:4)
4 creatures vanquished.

Notes
Turn   | Place    | Note
-------+----------+-------------------------------------------
     0 | D:5      | sasquatch the Felid Delver began the quest for the Orb.
     0 | D:5      | Reached XP level 1. HP: 10/10 MP: 2/2
    11 | D:4      | Noticed an iguana
    14 | D:4      | Killed an iguana
    15 | D:4      | Reached skill level 7 in Stealth
    15 | D:4      | Reached XP level 2. HP: 14/14 MP: 3/3
    19 | D:4      | Reached XP level 3. HP: 17/17 MP: 4/4
    23 | D:4      | Noticed a yak
    24 | D:4      | Noticed a yak
    26 | D:4      | Noticed a yak
    54 | D:4      | Slain by a yak

Illustrated notes

Levels and vault maps discovered:
D:4:      layout_gridville
D:5:      minmay_recursive_quarters, layout_loops_ring, kennysheep_little_box,
          minmay_temple_entry_gardened_gates, hangedman_abyss_or_decor_passed

Skill      XL: |  1  2  3 |
---------------+----------+-----
Stealth        | 7 |  7.4
Unarmed Combat | 3 |  3.0
Fighting       | |  3.0
Dodging        | |  2.6

Action                   || total
-------------------------++-------
Melee: Unarmed           ||     6
 Stab: Sleeping          ||     3
Dodge: Dodged            ||     8
